 Dungeon Crawl Stone Soup version 0.26-a0-642-g67e99244d3 (webtiles) character file.

Game seed: 8893975034927647280

7136 DogServant the Basher (level 11, 0/69 HPs)
             Began as a Gargoyle Ice Elementalist on Sept 22, 2020.
             Slain by Snorg (14 damage)
             ... on level 10 of the Dungeon.
             The game lasted 00:28:34 (11746 turns).

DogServant the Basher (Gargoyle Ice Elementalist)  Turns: 11746, Time: 00:28:35

Health: 0/69       AC: 15    Str: 15    XL:     11   Next: 10%
Magic:  13/18      EV: 11    Int: 16    God:
Gold:   556        SH:  0    Dex: 16    Spells: 13/20 levels left

rFire    . . .     SeeInvis +   p - +3 whip (vamp)
rCold    . . .     Faith    .   (no shield)
rNeg     + . .     Spirit   .   d - +1 ring mail
rPois    ∞         Reflect  .   (no helmet)
rElec    +         Harm     .   (no cloak)
rCorr    .         Rampage  .   (no gloves)
MR       .....                  (no boots)
Stlth    +.........             (no amulet)
HPRegen  0.21/turn              b - ring of see invisible
MPRegen  0.16/turn              B - +6 ring of dexterity

@: no status effects
A: negative energy resistance 1, electricity resistance, unbreathing,
petrification resistance, rot immunity, AC +8
a: no special abilities


You were on level 10 of the Dungeon.
You visited 2 branches of the dungeon, and saw 11 of its levels.

You collected 556 gold pieces.

Inventory:

Hand Weapons
 p - a +3 vampiric whip (weapon)
Armour
 d - a +1 ring mail (worn)
 f - a +0 scale mail
 k - a +0 leather armour
 s - a +0 cloak
Jewellery
 b - a ring of see invisible (left hand)
 o - an uncursed ring of protection from cold
 B - a +6 ring of dexterity (right hand)
 G - a cursed amulet of inaccuracy {unknown}
Wands
 a - a wand of flame (29)
 g - a wand of acid (15)
 l - a wand of disintegration (27)
 v - a wand of iceblast (6)
 C - a wand of digging (6)
 H - a wand of enslavement (8)
Scrolls
 h - 7 scrolls of remove curse
 i - a scroll of fear
 j - 10 scrolls of identify
 n - a scroll of vulnerability {unknown}
 t - a scroll of magic mapping
 y - a scroll of teleportation
 A - a scroll of enchant weapon
 D - a scroll of blinking
Potions
 c - a potion of heal wounds
 e - a potion of invisibility
 m - a potion of haste {unknown}
 q - a potion of resistance
 r - 2 potions of stabbing
 u - 2 potions of lignification
 w - 2 potions of degeneration {unknown}
 x - 2 potions of cancellation {unknown}
 z - a potion of ambrosia {unknown}
 E - a potion of berserk rage {unknown}
 F - a potion of might {unknown}
 I - a potion of mutation {unknown}


   Skills:
 + Level 8.5 Fighting
 + Level 9.0 Maces & Flails
 - Level 6.1 Armour
 - Level 1.7 Dodging
 - Level 2.2 Stealth
 - Level 5.0 Spellcasting
 - Level 8.7 Ice Magic
   Level 4.9 Invocations


You had 13 spell levels left.
You knew the following spells:

 Your Spells              Type           Power        Failure   Level
a - Freeze                Ice            ####         1%          1
b - Frozen Ramparts       Ice            ####..       2%          3
c - Ozocubu's Armour      Ice            ####....     2%          3

Your spell library contained the following spells:

 Spells                   Type           Power        Failure   Level
 Hailstorm                Conj/Ice       ###.....     41%         4
 Summon Ice Beast         Ice/Summ       ###.....     41%         4


Dungeon Overview and Level Annotations

Branches:
Dungeon (10/15)            Temple (1/1) D:7             Orc (0/2) D:10
   Lair: D:8-11

Altars:
Ashenzari
Cheibriados
Dithmenos
Elyvilon
Fedhas
Gozag
Hepliaklqana
Kikubaaqudgha
Makhleb
Nemelex Xobeh
Okawaru
Qazlal
Ru
Sif Muna
Trog
Uskayaw
Vehumet
Wu Jian
Xom
Yredelemnul
Zin
Jiyva

Shops:
D:5 :

Annotations:
D:4 Grinder
D:6 2 runed translucent doors, Ijustatesigmund's ghost, novice HaHu
D:8 3 runed translucent doors, Ijustatesigmund's ghost, novice HaHu
D:10 Snorg


Innate Abilities, Weirdness & Mutations

You are resistant to torment.
Your stone body is resilient. (AC +8)
You are immune to poison.
You resist negative energy. (rN+)
You are resistant to electric shocks. (rElec)
You can survive without breathing.
You are immune to petrification.
You are immune to rotting.


Message History

You barely miss Snorg.
Snorg is moderately wounded.
The wall freezes Snorg.
Snorg bites you. Snorg claws you but does no damage. x2
You hit Snorg.
You feel better.
Snorg is moderately wounded.
The frozen ramparts melt away.
Snorg bites you but does no damage. Snorg claws you! x2
You hit Snorg.
You feel better.
Snorg is moderately wounded.
Snorg barely misses you. x2; Snorg claws you.
Your icy armour cracks and falls away as you move.
Snorg closely misses you. Snorg claws you but does no damage. Snorg claws you!
Snorg rages.
Snorg bites you!
* * * LOW HITPOINT WARNING * * *
Snorg claws you but does no damage. Snorg barely misses you.
You open the door. Snorg misses you. Snorg claws you.
* * * LOW HITPOINT WARNING * * *
Snorg claws you!
You die...

##†## #.###.#.# #.# #. #.#.#
#.# # #<#.### ##'## #.....#
##...###.#####.#.#
##.....##....=..#.#
#.......######†##.#
#........T####...#.#######
.'........@'...............
###.........####...#.#######
##.......## ##.##.#
##.....## ####.# ##...## #.#
##'# #####.# #. #.....# #
#.###.# #####.#


You could see Snorg (berserk).

Vanquished Creatures
  Erica (D:10)
  A two-headed ogre (D:9)
  A gargoyle (D:10)
  A troll (D:9)
  A hippogriff (D:7)
  5 yaks (D:8)
  Eustachio (D:6)
  Duvessa (D:7)
  A phantom (D:8)
  A sky beast (D:7)
  4 ice beasts
  2 orc warriors (D:10)
  A black bear (D:8)
  4 ogres
  5 centaurs
  Blork the orc (D:5)
  4 bullfrogs
  2 wyvern skeletons
  A scorpion (D:5)
  Dowan (D:7)
  8 killer bees
  A howler monkey (D:10)
  9 wights
  A centaur zombie (D:5)
  A quasit (D:8)
  A bullfrog zombie (D:9)
  3 orc priests
  2 jellies
  2 hounds
  3 orc wizards
  Crazy Yiuf (D:7)
  A centaur skeleton (D:8)
  A bullfrog skeleton (D:10)
  Jessica (D:3)
  11 worker ants
  Terence (D:2)
  A hell rat (D:7)
  Natasha (thrice) (D:3)
  A worker ant zombie (D:8)
  11 adders
  13 gnolls
  A howler monkey skeleton (D:6)
  6 river rats (D:7)
  2 shadow imps
  A white imp (D:9)
  2 ufetubi
  3 oozes
  3 worms
  2 dart slugs
  4 leopard geckos
  34 orcs
  2 ball pythons (D:4)
  6 giant cockroaches
  2 gnoll zombies (D:6)
  11 goblins
  4 hobgoblins
  9 jackals
  6 kobolds
  3 quokkas
  6 bats
  4 frilled lizards
  A quokka skeleton (D:4)
  20 rats
247 creatures vanquished.

Notes
Turn   | Place    | Note
-------+----------+-------------------------------------------
     0 | D:1      | DogServant the Gargoyle Ice Elementalist began the quest
                  | for the Orb.
     0 | D:1      | Reached XP level 1. HP: 10/10 MP: 3/3
   281 | D:1      | Reached XP level 2. HP: 15/15 MP: 3/5
   949 | D:2      | Reached XP level 3. HP: 4/20 MP: 0/6
  1219 | D:2      | Reached skill level 1 in Fighting
  1219 | D:2      | Reached skill level 1 in Armour
  1346 | D:2      | Learned a level 3 spell: Frozen Ramparts
  1587 | D:2      | Reached XP level 4. HP: 22/25 MP: 1/7
  1775 | D:2      | Noticed Terence
  1917 | D:2      | Noticed a bullfrog
  1925 | D:2      | Killed a bullfrog
  1925 | D:2      | Reached XP level 5. HP: 30/30 MP: 2/9
  2203 | D:2      | Found a snail-covered altar of Cheibriados.
  2340 | D:2      | Found an ornate altar of the Wu Jian Council.
  2436 | D:2      | Killed Terence
  2916 | D:3      | Reached skill level 5 in Ice Magic
  2927 | D:3      | Learned a level 3 spell: Ozocubu's Armour
  3018 | D:3      | Reached XP level 6. HP: 36/36 MP: 6/10
  3069 | D:3      | Reached skill level 1 in Maces & Flails
  3111 | D:3      | Noticed Natasha
  3129 | D:3      | Killed Natasha
  3193 | D:3      | Noticed Jessica
  3209 | D:3      | Killed Jessica
  3261 | D:3      | Noticed Natasha
  3267 | D:3      | Killed Natasha
  3387 | D:3      | Noticed Natasha
  3393 | D:3      | Killed Natasha
  3595 | D:4      | Reached skill level 2 in Maces & Flails
  3791 | D:4      | Noticed Grinder
  3816 | D:4      | Paralysed by Grinder for 3 turns
  3822 | D:4      | Paralysed by Grinder for 3 turns
  3858 | D:4      | Paralysed by Grinder for 5 turns
  3867 | D:4      | Paralysed by Grinder for 4 turns
  4172 | D:4      | Reached XP level 7. HP: 40/41 MP: 7/11
  4504 | D:5      | Entered Level 5 of the Dungeon
  4504 | D:5      | Noticed Blork the orc
  4521 | D:5      | Killed Blork the orc
  4521 | D:5      | Reached skill level 3 in Maces & Flails
  4883 | D:5      | Reached XP level 8. HP: 46/46 MP: 12/12
  4900 | D:5      | Found Feoss's Book Emporium.
  5095 | D:5      | Reached skill level 4 in Maces & Flails
  5213 | D:5      | Found a blossoming altar of Fedhas.
  5348 | D:6      | Reached skill level 5 in Armour
  5497 | D:6      | Found a snail-covered altar of Cheibriados.
  5625 | D:6      | Found a runed translucent door.
  5640 | D:6      | Noticed Eustachio
  5667 | D:6      | Killed Eustachio
  5667 | D:6      | Reached skill level 5 in Maces & Flails
  5725 | D:6      | Found a runed translucent door.
  5729 | D:6      | Noticed Ijustatesigmund's ghost (novice HaHu)
  5829 | D:6      | Found a basalt altar of Yredelemnul.
  6011 | D:7      | Reached XP level 9. HP: 51/51 MP: 13/13
  6157 | D:7      | Found the +2 ratskin cloak {*Rats rPois rN+ Str-1 Int-1
                  | Dex+1}
  6761 | D:7      | Found a staircase to the Ecumenical Temple.
  6788 | Temple   | Entered the Ecumenical Temple
  6981 | Temple   | Became a worshipper of Uskayaw the Reveler
  7048 | D:7      | Reached * piety under Uskayaw
  7052 | D:7      | Reached ** piety under Uskayaw
  7053 | D:7      | Reached skill level 6 in Maces & Flails
  7054 | D:7      | Found a hazy altar of Hepliaklqana.
  7054 | D:7      | Noticed Dowan
  7059 | D:7      | Reached *** piety under Uskayaw
  7060 | D:7      | Reached **** piety under Uskayaw
  7061 | D:7      | Killed Dowan
  7062 | D:7      | Noticed Duvessa
  7066 | D:7      | Reached ***** piety under Uskayaw
  7069 | D:7      | Reached skill level 1 in Invocations
  7075 | D:7      | Reached ****** piety under Uskayaw
  7082 | D:7      | Killed Duvessa
  7358 | D:7      | Found a runed translucent door.
  7384 | D:7      | Noticed Crazy Yiuf
  7391 | D:7      | Killed Crazy Yiuf
  7558 | D:8      | Reached skill level 5 in Fighting
  7623 | D:8      | Reached XP level 10. HP: 49/59 MP: 16/16
  8037 | D:8      | Reached skill level 7 in Maces & Flails
  8037 | D:8      | Reached skill level 5 in Spellcasting
  8685 | D:8      | Found a runed translucent gate.
  8685 | D:8      | Found a runed translucent gate.
  8685 | D:8      | Found a runed translucent gate.
  8689 | D:8      | Noticed Ijustatesigmund's ghost (novice HaHu)
  8691 | D:8      | Found a viscous altar of Jiyva.
  9145 | D:9      | Noticed a two-headed ogre
  9159 | D:9      | Killed a two-headed ogre
  9591 | D:9      | Fell from the grace of Uskayaw
 10611 | D:10     | Entered Level 10 of the Dungeon
 10851 | D:10     | Noticed Erica
 10872 | D:10     | Killed Erica
 10872 | D:10     | Reached skill level 8 in Maces & Flails
 11084 | D:10     | Noticed a gargoyle
 11091 | D:10     | Killed a gargoyle
 11091 | D:10     | Reached XP level 11. HP: 16/68 MP: 14/18
 11492 | D:10     | Found a staircase to the Orcish Mines.
 11726 | D:10     | Reached skill level 9 in Maces & Flails
 11730 | D:10     | Noticed Snorg
 11746 | D:10     | Slain by Snorg

Illustrated notes

Levels and vault maps discovered:
D:1:      ncdulo_smallfort, layout_loops_ring, minivault_26
D:2:      layout_basic, marbit_many_paths, kennysheep_slug_shrine, uniq_terence
D:3:      layout_rooms, minmay_misc_feat_diagonals, uniq_jessica, uniq_natasha
D:4:      layout_basic, enter_ossuary_4, uniq_grinder
D:5:      layout_rooms, nicolae_overflow_hidden_temple, serial_shops, shop,
          uniq_blork_the_orc
D:6:      layout_rooms, lemuel_zombie_altar_yredelemnul, ebering_ghost_sewer_f,
          chei_slow_surprise, uniq_eustachio
D:7:      wander_guarded_unrand_ratskin, layout_rooms,
          minmay_temple_entry_antechambers, basic_altar,
          hangedman_decor_diamond_cutter, st_stairs_1, minmay_hedge_maze,
          minivault_5, uniq_duvessa, uniq_crazy_yiuf_cottage
D:8:      layout_layer_cave, gammafunk_ghost_ooze
D:9:      layout_basic
D:10:     layout_loops_corners, erik_orc_3, jmf_multi_god_temple, uniq_maurice,
          uniq_snorg, uniq_erica
Temple:   dpeg_five_rooms_temple

Skill      XL: |  1  2  3  4  5  6  7  8  9 10 11 |
---------------+----------------------------------+-----
Fighting       | 1 2 3 5 8 |  8.5
Armour         | 1 2 3 4 6 |  6.1
Spellcasting   | 3 4 5 |  5.0
Ice Magic      | 5 6 7 8 |  8.7
Maces & Flails | 2 3 5 6 8 9 |  9.0
Invocations    | 2 4 |  4.9
Dodging        | |  1.7
Stealth        | |  2.2

Action                   |  1- 3 |  4- 6 |  7- 9 | 10-12 || total
-------------------------+-------+-------+-------+-------++-------
Melee: Unarmed           |    49 |     8 |       |       ||    57
       Whip              |       |    87 |   340 |   301 ||   728
       Club              |       |    17 |       |       ||    17
 Cast: Freeze            |    50 |    39 |     1 |       ||    90
       Frozen Ramparts   |       |    17 |    34 |    17 ||    68
       Ozocubu's Armour  |       |     1 |     3 |     3 ||     7
Invok: Stomp             |       |       |       |     3 ||     3
       Renounce Religion |       |       |       |     1 ||     1
Evoke: Wand              |       |       |     1 |       ||     1
  Use: Scroll            |       |    11 |     6 |       ||    17
       Potion            |       |     4 |       |       ||     4
 Stab: Sleeping          |     2 |     2 |     1 |       ||     5
       Paralysed         |       |       |     8 |     4 ||    12
Armor: Robe              |    41 |       |       |       ||    41
       Leather armour    |     3 |    56 |       |       ||    59
       Skin              |     1 |    22 |       |       ||    23
       Ring mail         |       |       |   151 |   126 ||   277
Dodge: Dodged            |    86 |    71 |   173 |   157 ||   487

Table legend: (Time is in decaauts)
 A = Elapsed time spent in this place.
 B = Non-inter-level travel time spent in this place.
 C = Inter-level travel time spent in this place.
 D = Time resting spent in this place.
 E = Time spent auto-exploring this place.
 F = Levels seen in this place.
 G = Mean time per level.
                   A        B        C        D        E       F      G
               +--------+--------+--------+--------+--------+-----+--------+
         Total |  11619 |  11269 |    350 |   1948 |   7221 |  11 | 1056.3 |
       Dungeon |  11376 |  11076 |    300 |   1948 |   7038 |  10 | 1137.6 |
        Temple |    243 |    193 |     50 |      0 |    183 |   1 |  243.0 |
               +--------+--------+--------+--------+--------+-----+--------+

Top non-repeatable levels by time:
     D:2: 1947 daAuts
     D:9: 1516 daAuts
     D:8: 1478 daAuts
     D:7: 1362 daAuts
    D:10: 1109 daAuts
     D:3: 1022 daAuts
     D:1: 889 daAuts
     D:5: 773 daAuts
     D:4: 650 daAuts
     D:6: 626 daAuts
  Temple: 243 daAuts
